Description

Reaper Expand to MMM Bio

VOD

https://www.youtube.com/watch?v=dqbWig3MFfE&t=14s

Replay - INnoVation v ShoWTimE - Newkirk Precinct TE (Void)

Build Order

Get SALT Encoding   

  14  0:17  Supply Depot  
  15  0:28  Refinery  
  16  0:45  Barracks  
  19  1:31  Orbital Command  
  19  1:32  Reaper  
  20  1:45  Command Center  
  20  1:55  Factory  
  21  2:06  Barracks Reactor  
  21  2:13  Refinery  
  22  2:16  Supply Depot  
  23  2:41  Starport  
  23  2:42  Marine x2  
  26  2:46  Widow Mine  
  29  2:56  Orbital Command  
  29  3:05  Marine x2  
  32  3:14  Widow Mine  
  32  3:18  Medivac  
  36  3:22  Marine x2  
  36  3:24  Supply Depot  
  38  3:45  Marine x2  
  38  3:47  Supply Depot  
  40  3:49  Widow Mine  
  40  3:55  Supply Depot  
  43  3:57  Medivac  
  45  4:05  Marine x2  
  47  4:14  Barracks  
  51  4:26  Barracks  
  53  4:33  Engineering Bay  
  55  4:39  Factory Tech Lab  
  55  4:40  Starport Tech Lab  
  61  5:10  Stimpack  
  61  5:11  Terran Infantry Weapons Level 1  
  63  5:23  Combat Shields  
  63  5:24  Factory Reactor, Starport Reactor  
  65  5:41  Refinery x2  
  76  6:01  Widow Mine x2  
  76  6:02  Medivac x2  
  84  6:13  Marauder x2  
  84  6:15  Liberator x2  
  89  6:30  Widow Mine x2  
  98  6:40  Missile Turret  
  98  6:41  Marauder x2  
  104  6:47  Concussive Shells  
  104  6:58  Widow Mine x2  
  111  7:03  Marauder x2  
  111  7:05  Liberator  
  111  7:07  Terran Infantry Armor Level 1  
  114  7:15  Liberator  
  118  7:24  Marauder x2  
  122  7:31  Missile Turret  
  112  7:45  Marauder x2  
  112  7:46  Widow Mine  
  97  8:07  Medivac  
  97  8:10  Missile Turret  
  103  8:15  Medivac  
  89  8:37  Command Center  
  91  8:51  Barracks x2  
  91  8:53  Medivac x2  
  99  9:10  Liberator x2  
  111  9:42  Barracks Tech Lab  
  113  9:52  Orbital Command  
Spawning Tool Build Advisor. Get it on Overwolf

Go to:

Details

  • Created by: Nelsquik
  • Published on: May 06, 2017
  • Modified on: May 07, 2017
  • Patch: 3.8.0
Show
View Real Time Build Order
Export as new Build Order

Comments (0)

There are no comments. Be the first!

Create an account to comment!